 Dungeon Crawl Stone Soup version 0.24.1-8-ga250c9d538 (webtiles) character file.

Game seed: 6710107304357338413, levelgen mode: deterministic

103 Hugehornet the Cudgeler (level 4, 0/28 HPs)
             Began as a Gargoyle Fighter on Apr 30, 2020.
             Slain by a gnoll
             ... wielding a +0 halberd
              (8 damage)
             ... on level 3 of the Dungeon.
             The game lasted 00:03:03 (1517 turns).

Hugehornet the Cudgeler (Gargoyle Fighter)          Turns: 1517, Time: 00:03:03

Health: 0/28       AC: 16    Str: 20    XL:     4   Next: 79%
Magic:  4/4        EV:  5    Int:  9    God:
Gold:   97         SH:  9    Dex:  9    Spells: 3/3 levels left

rFire    . . .     SeeInvis .   a - +0 flail
rCold    . . .     Gourm    .   c - +0 shield
rNeg     + . .     Faith    .   o - +0 chain mail
rPois    ∞         Spirit   .   (no helmet)
rElec    +         Reflect  .   i - +1 cloak
rCorr    .         Harm     .   (no gloves)
MR       +....                  n - +0 pair of boots
Stlth    ..........             (no amulet)
HPRegen  0.09/turn              h - ring of protection from magic
MPRegen  0.09/turn              (no ring)

@: no status effects
A: negative energy resistance 1, electricity resistance, unbreathing,
petrification resistance, rot immunity, AC +3
a: no special abilities


You were on level 3 of the Dungeon.
You were not hungry.

You visited 1 branch of the dungeon, and saw 3 of its levels.

You collected 97 gold pieces.

Inventory:

Hand Weapons
 a - a +0 flail (weapon)
Armour
 c - a +0 shield (worn)
 i - a +1 cloak (worn)
 n - a +0 pair of boots (worn)
 o - a +0 chain mail (worn)
Jewellery
 h - a ring of protection from magic (left hand)
Scrolls
 b - a scroll of remove curse {unknown}
 e - 2 scrolls of identify {unknown}
 j - a scroll of fog {unknown}
 m - a scroll of fear {unknown}
 r - a scroll of teleportation {unknown}
Potions
 d - a potion of might
 g - a potion of resistance {unknown}
 k - a potion of brilliance {unknown}
 l - a potion of curing {unknown}
 p - 2 potions of flight {unknown}
Comestibles
 f - 4 rations


   Skills:
 - Level 3.2 Fighting
 + Level 4.8 Maces & Flails
 - Level 3.2 Armour
 - Level 3.2 Shields


You had 3 spell levels left.
You didn't know any spells.
Your spell library contained the following spells:

 Spells                   Type           Power        Failure   Level  Hunger
 Corona                   Hex            #......      100%        1    ##.....
 Ensorcelled Hibernation  Hex/Ice        #.....       100%        2    ###....
 Confuse                  Hex            #.......     100%        3    ####...
 Dazzling Spray           Conj/Hex       #.....       100%        3    ####...
 Tukima's Dance           Hex            #.......     100%        3    ####...


Dungeon Overview and Level Annotations

Branches:
Dungeon (3/15)

Altars:


Innate Abilities, Weirdness & Mutations

You are resistant to torment.
Your stone body is resilient. (AC +3)
You are immune to poison.
You resist negative energy. (rN+)
You are resistant to electric shocks. (rElec)
You can survive without breathing.
You are immune to petrification.
You are immune to rotting.


Message History

The quokka is moderately wounded.
You block the quokka's attack. You block the gnoll's attack.
The gnoll hits you but does no damage.
Your chain mail prevents you from hitting the quokka.
The quokka is moderately wounded.
The quokka closely misses you. You block the gnoll's attack.
The gnoll hits you but does no damage. The quokka barely misses you.
You sock the quokka!
You kill the quokka!
You block the gnoll's attack. The gnoll hits you but does no damage.
You block the gnoll's attack.
The gnoll hits you from afar with a +0 halberd!
* * * LOW HITPOINT WARNING * * *
You block the gnoll's attack.
Things that are here:
a cursed -1 halberd; a quokka corpse You sock the gnoll!
The gnoll is severely wounded.
The gnoll hits you from afar with a +0 halberd!
You die...

#.# #.# #.##.#
#.#####.###.....
#.##.......###.#
.##.##.##.# #.#
)##.#..##.###.#######
#........r)...†##.[..#
####.##.##.###g)[g...#
#.......# #g##.†#.#
###...### #@###....
#...# #.# ...... #...#
#g# ....## #...# #.#
.....# #.. ... ...#.#
##.#. .#.#.# ..... ...
.. ... ...


You could see 3 gnolls.

Vanquished Creatures
  2 adders (D:2)
  2 gnolls (D:3)
  A worm (D:2)
  A leopard gecko (D:2)
  3 orcs (D:3)
  7 bats
  3 giant cockroaches
  12 goblins
  4 hobgoblins
  4 jackals (D:2)
  4 kobolds (D:1)
  2 quokkas
  6 frilled lizards
  5 rats
56 creatures vanquished.

Notes
Turn   | Place    | Note
-------+----------+-------------------------------------------
     0 | D:1      | Hugehornet the Gargoyle Fighter began the quest for the
                  | Orb.
     0 | D:1      | Reached XP level 1. HP: 14/14 MP: 1/1
   121 | D:1      | Reached XP level 2. HP: 19/19 MP: 2/2
   310 | D:1      | Reached skill level 3 in Maces & Flails
   718 | D:2      | Reached XP level 3. HP: 23/23 MP: 3/3
  1098 | D:2      | Reached skill level 4 in Maces & Flails
  1098 | D:2      | Reached XP level 4. HP: 28/28 MP: 4/4
  1517 | D:3      | Slain by a gnoll

Levels and vault maps discovered:
D:1:      matt_arrival_los_fun, layout_basic
D:2:      layout_loops_cross
D:3:      layout_loops_cross, first_ration

Skill      XL: |  1  2  3 |
---------------+----------+-----
Maces & Flails | 3 4 |  4.8
Fighting       | |  3.2
Armour         | |  3.2
Shields        | |  3.2

Action                   |  1- 3 |  4- 6 || total
-------------------------+-------+-------++-------
Melee: Flail             |   132 |    81 ||   213
  Eat: Chunk             |     1 |     1 ||     2
Armor: Scale mail        |    53 |       ||    53
       Chain mail        |    28 |    60 ||    88
Dodge: Dodged            |    48 |    27 ||    75
Block: Shield            |    68 |    65 ||   133
